 Dungeon Crawl Stone Soup version 0.21-a0-630-g344d351 (webtiles) character file.

226 Firecrotchwizard the Chopper (level 5, -17/49 HPs)
             Began as a Deep Dwarf Fighter on Dec 26, 2017.
             Demolished by an ogre
             ... wielding a +0 giant club
              (21 damage)
             ... on level 4 of the Dungeon.
             The game lasted 00:03:24 (2022 turns).

Firecrotchwizard the Chopper (Deep Dwarf Fighter)   Turns: 2022, Time: 00:03:24

Health: -17/49     AC:  7    Str: 19    XL:     5   Next: 69%
Magic:  4/4        EV:  7    Int:  9    God:
Gold:   164        SH:  9    Dex: 13    Spells: 4/4 levels left

rFire    . . .     SeeInvis .   a - +0 war axe
rCold    . . .     Gourm    +   c - +0 shield
rNeg     . . .     Faith    .   b - +0 scale mail
rPois    .         Spirit   .   (no helmet)
rElec    .         Reflect  .   (no cloak)
rCorr    .         Harm     .   (no gloves)
MR       .....                  (no boots)
Stlth    ..........             n - amulet of the gourmand {Gourm, !d}
HPRegen  0.00/turn              (no ring)
MPRegen  0.09/turn              (no ring)

@: non-regenerating
A: damage resistance, heal wounds, sense surroundings 1, no regeneration
a: Heal Wounds


You were on level 4 of the Dungeon.
You were full.

You visited 1 branch of the dungeon, and saw 4 of its levels.

You collected 164 gold pieces.

Inventory:

Hand Weapons
 a - a +0 war axe (weapon)
Missiles
 m - 5 javelins (quivered)
Armour
 b - a +0 scale mail (worn)
 c - a +0 shield (worn)
Jewellery
 n - an amulet of the gourmand (around neck) {Gourm, !d}
   (You found it on level 2 of the Dungeon)
Scrolls
 e - 3 scrolls of remove curse {unknown}
 g - a scroll of enchant armour {unknown}
 j - 2 scrolls of identify
 k - a scroll of teleportation {unknown}
 o - a scroll of blinking {unknown}
 p - a scroll of magic mapping {unknown}
Potions
 d - 2 potions of might
 h - a potion of degeneration {unknown}
 i - 5 potions of curing {unknown}
 l - 2 potions of mutation {unknown}
Comestibles
 f - 5 rations {@e1}


   Skills:
 + Level 3.5 Fighting
 * Level 4.5 Axes
 + Level 4.3 Armour
 + Level 4.3 Shields


You had 4 spell levels left.
You didn't know any spells.

Dungeon Overview and Level Annotations

Branches:
Dungeon (4/15)
 Temple: D:4-7

Altars:
Qazlal


Innate Abilities, Weirdness & Mutations

You are resistant to damage.
You can heal yourself by infusing magical energy.
You passively map a small area around you.
You do not regenerate.


Message History

l - 2 fuming sapphire potions (gained 1)
Found a stormy altar of Qazlal.
You may need something to eat soon, looking for food.
Can't find anything matching that.
Okay, then.
A rat comes into view.
Aim: a rat You throw a javelin.
The javelin hits the rat!
You kill the rat!
No target in view!
No target in view!
No target in view!
m - 6 javelins (gained 1)
Found a stone staircase leading down.
You may need something to eat soon, looking for food.
Can't find anything matching that.
Okay, then.
There is a stone staircase leading down here.
f - 5 rations {@e1} (gained 1)
There is a stone staircase leading up here.
p - a scroll labeled XUCRUQ VAEWN A dart slug comes into view.
Aim: a dart slug You throw a javelin.
The javelin hits the dart slug!
You kill the dart slug!
No target in view!
No target in view!
You may need something to eat soon, looking for food.
Can't find anything matching that.
Okay, then.
No target in view!
No target in view!
You now have 164 gold pieces (gained 15).
Found an escape hatch in the ceiling.
No target in view!
No target in view!
No target in view!
i - 5 bubbling red potions (gained 1)
m - 6 javelins (gained 1) Done exploring.
(D) Dungeon
Where to? (Enter - D:2 @ (x,y), ? - help)
There is a stone staircase leading down here.
You climb downwards.
A jackal, a worker ant and 3 orcs come into view.
The jackal barks!
The worker ant twitches its antennae in your direction.
The orc shouts! x2
There is a stone staircase leading up here.
Aim: a worker ant You throw a javelin.
The javelin hits the worker ant.
You block the worker ant's attack. The orc hits you with a short sword.
The worker ant bites you.
You climb upwards.
There is a stone staircase leading down here.
You take 3 damage, and have 34/49 hp.
You slash the worker ant!
You kill the worker ant!
You completely miss the orc. The orc hits you but does no damage.
You barely miss the orc. You block the orc's attack.
The orc hits you but does no damage.
You slash the orc! The orc hits you with a short sword.
You hit the orc.
You kill the orc!
No target in view!
You climb downwards.
The jackal barely misses you. You block the orc's attack.
You block the jackal's attack.
There is a stone staircase leading up here.
You hit the orc.
Your shield and scale mail prevent you from hitting the jackal.
Your shield and scale mail prevent you from hitting the orc.
The jackal bites you but does no damage.
You block the orc's attack.
The jackal bites you but does no damage.
You block the orc's attack.
You hit the orc.
You kill the orc!
You slash the orc!
You kill the orc!
You closely miss the jackal.
The jackal bites you but does no damage.
You block the jackal's attack.
You hit the ogre. You hit the jackal. The jackal barely misses you.
You block the ogre's attack. You block the jackal's attack.
You slash the jackal!
You kill the jackal!
You hit the ogre. The ogre hits you with a giant club!
You take 15 damage, and have 19/49 hp.
MASSIVE DAMAGE!!
You hit the ogre but do no damage. You block the ogre's attack.
You barely miss the ogre. The ogre barely misses you.
You closely miss the ogre. The ogre hits you with a giant club!!
* * * LOW HITPOINT WARNING * * *
You take 15 damage, and have 4/49 hp.
MASSIVE DAMAGE!!
You slash the ogre! The ogre hits you but does no damage.
You hit the ogre. You block the ogre's attack.
You barely miss the ogre. The ogre closely misses you.
The ogre hits you with a giant club!!
You die...

, , , .....
#...#
###...###
###.......#
#.........
#h.(... * ,
#.)O#*
#..@# ,
##.## #.* *
* #.* #.* *
* * #. , #.
* #.


You could see an ogre and a jackal (wandering).

Vanquished Creatures
  The ghost of Linkplayer56 the Conjurer, an amateur DrCj of Nemelex Xobeh (D:3)
  2 worker ants
  3 adders
  An ooze (D:1)
  2 worms
  3 dart slugs
  3 orcs
  4 bats
  4 giant cockroaches
  5 goblins
  2 hobgoblins (D:1)
  12 jackals
  5 kobolds
  3 frilled lizards
  4 rats
54 creatures vanquished.

Notes
Turn   | Place    | Note
-------+----------+-------------------------------------------
     0 | D:1      | Firecrotchwizard the Deep Dwarf Fighter began the quest for the Orb.
     0 | D:1      | Reached XP level 1. HP: 20/20 MP: 1/1
    51 | D:1      | Reached XP level 2. HP: 24/27 MP: 2/2
   446 | D:1      | Reached skill level 3 in Axes
   501 | D:1      | Reached XP level 3. HP: 24/33 MP: 3/3
   614 | D:2      | Reached skill level 3 in Fighting
  1000 | D:2      | HP: 7/34 [worker ant (2)]
  1001 | D:2      | Reached XP level 4. HP: 9/42 MP: 4/4
  1388 | D:3      | Noticed Linkplayer56's ghost (amateur DrCj)
  1544 | D:3      | Killed Linkplayer56's ghost
  1544 | D:3      | Reached skill level 4 in Axes
  1544 | D:3      | Reached skill level 4 in Armour
  1544 | D:3      | Reached skill level 4 in Shields
  1544 | D:3      | Reached XP level 5. HP: 43/49 MP: 4/4
  1774 | D:3      | Found a stormy altar of Qazlal.
  2006 | D:4      | Noticed an ogre
  2019 | D:4      | HP: 4/49 [ogre/giant club (15)]
  2022 | D:4      | Demolished by an ogre

Vault maps used:
D:1:      erik_arrival_blinker_ship
D:3:      grunt_qazlal_clouds, bh_walls_and_bars
D:4:      first_ration

Skill      XL: |  1  2  3  4 |
---------------+-------------+-----
Axes           | 3 4 |  4.5
Fighting       | 3 |  3.5
Armour         | 4 |  4.3
Shields        | 4 |  4.3

Action                   |  1- 3 |  4- 6 || total
-------------------------+-------+-------++-------
Melee: War axe           |   121 |    67 ||   188
Throw: Javelin           |     1 |    25 ||    26
 Abil: Heal Wounds       |       |     2 ||     2
  Use: Scroll            |       |     1 ||     1
  Eat: Chunk             |     1 |    10 ||    11
Armor: Scale mail        |    60 |    26 ||    86
Dodge: Dodged            |    54 |    17 ||    71
Block: Shield            |    91 |    47 ||   138

Table legend:
 A = Spawn XP
 B = Non-spawn XP
 C = Spawn XP percentage of total XP
 D = Spawn monster count
 E = Non-spawn monster count
 F = Spawn count percentage of total count
 G = Total turns spent on level
                    A         B        C        D         E        F      G
               +---------+---------+-------+---------+---------+-------+---------
         Total |       0 |     323 |   0.0 |       0 |      54 |   0.0 |  2022
               +---------+---------+-------+---------+---------+-------+---------
           D:1 |       0 |      45 |   0.0 |       0 |      21 |   0.0 |   568
           D:2 |       0 |      84 |   0.0 |       0 |      14 |   0.0 |   871
           D:3 |       0 |     186 |   0.0 |       0 |      16 |   0.0 |   570
           D:4 |       0 |       8 |   0.0 |       0 |       3 |   0.0 |    13
               +---------+---------+-------+---------+---------+-------+---------

Vault maps used:
D:1:      erik_arrival_blinker_ship
D:3:      grunt_qazlal_clouds, bh_walls_and_bars
D:4:      first_ration

Table legend:
 A = Turns spent in this place as a percentage of turns spent in the entire game.
 B = Non-inter-level travel turns spent in this place as a percentage of non-inter-level travel turns spent in the entire game.
 C = Inter-level travel turns spent in this place as a percentage of turns spent in this place.
 D = Turns resting spent in this place as a percentage of non-inter-level travel turns spent in this place.
 E = Turns spent auto-exploring this place as a percentage of non-inter-level travel turns spent in this place.
 F = Non-inter-level travel turns spent in this place divided by the number of levels of this place that you've seen.
                   A       B       C       D       E      F
               +-------+-------+-------+-------+-------+----------------------
         Total | 100.0 | 100.0 |   5.0 |   9.2 |  73.0 | 480.2
       Dungeon | 100.0 | 100.0 |   5.0 |   9.2 |  73.0 | 480.2
               +-------+-------+-------+-------+-------+----------------------

Table legend:
 A = Kills in this place as a percentage of kills in entire the game.
 B = Kills by you in this place as a percentage of kills by you in the entire game.
 C = Kills by friends in this place as a percentage of kills by friends in the entire game.
 D = Other kills in this place as a percentage of other kills in the entire game.
 E = Experience gained in this place as a percentage of experience gained in the entire game.
 F = Experience gained in this place divided by the number of levels of this place that you have seen.
                   A       B       C       D       E      F
               +-------+-------+-------+-------+-------+----------------------
         Total | 100.0 | 100.0 |   N/A |   N/A | 100.0 |  80.8
       Dungeon | 100.0 | 100.0 |   N/A |   N/A | 100.0 |  80.8
               +-------+-------+-------+-------+-------+----------------------
